 Dungeon Crawl Stone Soup version 0.30-a0-743-gbfdf073431 (webtiles) character file.

Game seed: 1988974707263312331

410 vrbfk the Covered (level 6, -9/56 HPs)
             Began as a Minotaur Fighter on Feb 7, 2023.
             Mangled by an iguana (11 damage)
             ... on level 4 of the Dungeon.
             The game lasted 00:03:54 (2283 turns).

vrbfk the Covered (Minotaur Fighter)                Turns: 2283, Time: 00:03:54

Health: -9/56      AC:  8    Str: 22    XL:     6   Next: 58%
Magic:  5/5        EV: 10    Int:  5    God:
Gold:   77         SH:  5    Dex: 10    Spells: 5/5 levels left

rFire   . . .      SeeInvis .    a - +0 war axe
rCold   . . .      Faith    .    c - +0 buckler
rNeg    . . .      Spirit   .    b - +0 scale mail
rPois   .          Reflect  .    (helmet restricted)
rElec   .          Harm     .    (no cloak)
rCorr   .          Rampage  .    h - +0 pair of gloves {hurl}
Will    .....                    (no boots) Stlth
                                 (no amulet)
HPRegen 0.29/turn                e - ring of flight
MPRegen 0.09/turn                (no ring)

@: flying
A: horns 2, retaliatory headbutt
a: no special abilities


You were on level 4 of the Dungeon.
You visited 1 branch of the dungeon, and saw 4 of its levels.

You collected 77 gold pieces.

Inventory:

Hand Weapons
 a - a +0 war axe (weapon)
Armour
 b - a +0 scale mail (worn)
 c - a +0 buckler (worn)
 h - a +0 pair of gloves of hurling (worn)
Jewellery
 e - a ring of flight (left hand)
Wands
 k - a wand of flame (18)
Scrolls
 i - 2 scrolls of immolation
 l - 2 scrolls of fog
Potions
 d - a potion of berserk rage {unknown}
 f - a potion of resistance
 g - 4 potions of curing
 j - 2 potions of attraction {unknown}
 m - a potion of brilliance {unknown}
 n - 3 potions of flight {unknown}


   Skills:
 + Level 5.2 Fighting
 + Level 4.3 Axes
 + Level 5.2 Armour
 + Level 2.9 Dodging
 + Level 5.1 Shields


You had 5 spell levels left.
You didn't know any spells.
Your spell library contained the following spells:

 Spells                   Type           Power      Damage    Failure   Level
 Sandblast                Erth           0%         2d4       86%         1
 Cigotuvi's Dreadful Rot  Necr/Pois/Air  0%         N/A       95%         2
 Ensorcelled Hibernation  Hex/Ice        0%         N/A       95%         2
 Passwall                 Tmut/Erth      0%         N/A       95%         2
 Poisonous Vapours        Pois/Air       0%         N/A       95%         2
 Mephitic Cloud           Conj/Pois/Air  0%         N/A       99%         3
 Spider Form              Tmut/Pois      0%         N/A       99%         3
 Stone Arrow              Conj/Erth      0%         3d7       99%         3
 Vhi's Electric Charge    Tloc/Air       0%         N/A       99%         3
 Anguish                  Hex/Necr       0%         N/A       100%        4
 Dispel Undead            Necr           0%         3d6       100%        4
 Arcjolt                  Conj/Air       0%         1d10      100%        5
 Death Channel            Necr           0%         N/A       100%        6
 Maxwell's Capacitive Co  Air            0%         ∞         100%        8


Dungeon Overview and Level Annotations

Branches:
Dungeon (4/15)
 Temple: D:4-7

Altars:

Shops:
D:1 =   D:3 =


Innate Abilities, Weirdness & Mutations

You have a pair of horns on your head.
You reflexively headbutt those who attack you in melee.


Message History

You hit the iguana but do no damage. You barely miss the necrophage.
The iguana closely misses you. The necrophage hits you.
You feel drained.
Edmund grinds his teeth, and then sighs.
Edmund hits you but does no damage.
Unknown command.
You hit Edmund.
You kill Edmund!
You closely miss the iguana. You barely miss the necrophage.
The iguana bites you! The necrophage hits you.
You feel drained.
The necrophage hits you but does no damage.
The iguana bites you but does no damage.
Your life force feels restored.
Your Fighting skill increases to level 5!
Your Shields skill increases to level 5!
Unknown command.
You are too injured to fight recklessly!
Unknown command.
You are too injured to fight recklessly!
Unknown command.
You are too injured to fight recklessly!
Unknown command.
You are too injured to fight recklessly!
Unknown command.
Unknown command.
You are too injured to fight recklessly!
Unknown command.
You slash the necrophage! Your headbutt misses the necrophage.
The necrophage is heavily damaged.
You closely miss the iguana. The necrophage barely misses you.
The iguana bites you!
* * * LOW HITPOINT WARNING * * *
You slash the necrophage!
The necrophage is almost destroyed.
You barely miss the iguana. The necrophage barely misses you.
The iguana bites you.
* * * LOW HITPOINT WARNING * * *
You barely miss the necrophage.
The necrophage is almost destroyed.
You closely miss the iguana. The iguana bites you!
You die...

..... ..... # .
...... .###..
...... .#..
......# #...
.......#..##
......)n...#
......l@†..#
...............
.....##..$.....
.... #....#...
... ###.## ..
.. .# . . ..
..#


You could see a necrophage and an iguana.

Vanquished Creatures
  Edmund (D:4)
  2 scorpions
  An orc priest (D:3)
  A gnoll bouda (D:3)
  3 gnolls (D:3)
  2 adders
  A worm (D:4)
  A dart slug (D:3)
  3 orcs (D:3)
  6 ball pythons
  3 endoplasms
  2 giant cockroaches (D:2)
  3 goblins (D:1)
  8 hobgoblins
  4 jackals (D:1)
  7 kobolds
  A quokka (D:1)
  4 bats
  5 frilled lizards
  5 rats
63 creatures vanquished.

Vanquished Creatures (others)
  5 plants (D:2)
5 creatures vanquished.

Grand Total: 68 creatures vanquished

Notes
Turn   | Place    | Note
-------+----------+-------------------------------------------
     0 | D:1      | vrbfk the Minotaur Fighter began the quest for the Orb.
     0 | D:1      | Reached XP level 1. HP: 19/19 MP: 0/0
   147 | D:1      | Reached XP level 2. HP: 24/27 MP: 1/1
   312 | D:1      | Reached skill level 1 in Dodging
   537 | D:1      | Reached XP level 3. HP: 33/33 MP: 2/2
   609 | D:1      | Found Borel's Jewellery Shoppe.
  1658 | D:3      | Reached XP level 4. HP: 24/41 MP: 3/3
  1746 | D:3      | Noticed a scorpion
  1753 | D:3      | Killed a scorpion
  1754 | D:3      | Reached XP level 5. HP: 47/47 MP: 4/4
  1804 | D:3      | Found Nivolo's Jewellery Boutique.
  2267 | D:4      | Noticed Edmund
  2273 | D:4      | Reached XP level 6. HP: 46/55 MP: 5/5
  2275 | D:4      | Reached skill level 5 in Armour
  2280 | D:4      | Killed Edmund
  2281 | D:4      | Reached skill level 5 in Fighting
  2281 | D:4      | Reached skill level 5 in Shields
  2282 | D:4      | HP: 2/56 [iguana (5)]
  2283 | D:4      | Mangled by an iguana

Illustrated notes

Levels and vault maps discovered:
D:1:      dpeg_arrival_refuge, layout_basic, serial_shops,
          nicolae_shop_window_shopping
D:2:      layout_basic, serial_bayou, serial_bayou_lake_a, serial_bayou_pond_a,
          serial_bayou_pond_d, serial_bayou_crossing, minmay_misc_feat_cross
D:3:      layout_loops_cross, serial_shops, shop, st_stairs_8, dk_vineyard_2,
          grunt_decor_cap, minmay_cut_off
D:4:      layout_cave_pools, mainiacjoe_overflow_alcove_2,
          mainiacjoe_overflow_boulevard, serial_forest, infiniplex_forest_end_2,
          infiniplex_forest_straight_5, infiniplex_forest_corner_1,
          infiniplex_forest_straight_4, infiniplex_forest_straight_2,
          infiniplex_forest_straight_3, infiniplex_forest_zigzag_1,
          infiniplex_forest_lined_3_way, infiniplex_forest_corner_1, uniq_edmund

Skill      XL: |  1  2  3  4  5  6 |
---------------+-------------------+-----
Dodging        | 1 2 |  2.9
Armour         | 4 5 |  5.2
Fighting       | 4 5 |  5.2
Shields        | 4 5 |  5.1
Axes           | 3 4 |  4.3

Action                     |  1- 3 |  4- 6 || total
---------------------------+-------+-------++-------
  Melee: War axe           |    90 |    43 ||   133
         Headbutt          |     9 |     7 ||    16
    Use: Scroll            |     5 |     1 ||     6
         Potion            |       |     1 ||     1
 Armour: Scale mail        |    46 |    26 ||    72
  Dodge: Dodged            |    52 |    23 ||    75
  Block: Buckler           |    26 |     9 ||    35

Table legend: (Time is in decaauts)
 A = Elapsed time spent in this place.
 B = Non-inter-level travel time spent in this place.
 C = Inter-level travel time spent in this place.
 D = Time resting spent in this place.
 E = Time spent auto-exploring this place.
 F = Levels seen in this place.
 G = Mean time per level.
                   A        B        C        D        E       F      G
               +--------+--------+--------+--------+--------+-----+--------+
         Total |   2332 |   2256 |     76 |      0 |   1876 |   4 |  583.0 |
       Dungeon |   2332 |   2256 |     76 |      0 |   1876 |   4 |  583.0 |
               +--------+--------+--------+--------+--------+-----+--------+

Top non-repeatable levels by time:
     D:2: 841 daAuts
     D:1: 737 daAuts
     D:3: 733 daAuts
     D:4: 20 daAuts
